Anaheim Ducks vs St.Louis Blues
(R1)
Created - Wednesday, September 25, 2024 at 06:50
Goals
|
| Anaheim Ducks |
3 |
0 |
2 |
5 |
| St.Louis Blues |
2 |
1 |
0 |
3 |
|
Shots
|
| Anaheim Ducks |
13 |
12 |
7 |
32 |
| St.Louis Blues |
19 |
11 |
8 |
38 |
|
1st period
1. Anaheim Ducks , William Nylander 12 (John Tavares 15) at 0:08
2. St.Louis Blues , Alex Tuch 8 (Dakota Joshua 5, Elias Pettersson 24) at 4:52
3. Anaheim Ducks , Max Domi 2 (Alexandre Texier 6, Brayden Schenn 11) at 10:27
4. St.Louis Blues , Alex Tuch 9 (Dakota Joshua 6, Jake Guentzel 21) at 11:51
5. Anaheim Ducks , William Nylander 13 (Josh Manson 6) at 12:59
Penalties :
No Penalty
2nd period
6. St.Louis Blues , Logan O'Connor 5 (Yanni Gourde 9, Nick Leddy 6) at 2:30
Penalties :
John Tavares (ANA) for Hooking (Minor) at 4:31, Mikhail Sergachev (STL) for Hooking (Minor) at 10:38
3rd period
7. Anaheim Ducks , Alex Killorn 9 (Morgan Rielly 10, Chandler Stephenson 13) at 2:36 (SH)
8. Anaheim Ducks , Alex Killorn 10 (Chandler Stephenson 14, J.T. Compher 8) at 19:25
Penalties :
Mason Marchment (ANA) for Cross-checking (Minor) at 1:56, Brayden Schenn (ANA) for Holding (Minor) at 13:25, J.T. Compher (ANA) for Roughing (Minor) at 17:08
Goalie Stats
James Reimer (ANA), 35 saves from 38 shots - (0.921), W, 1-1-2, 60:00 minutes
Connor Hellebuyck (STL), 27 saves from 32 shots - (0.844), L, 8-7-1, 60:00 minutes
Players Stats for Anaheim Ducks
Player Name G A P +/- PIM S H SB GA TA FO MP PP MP PK MP
------------------------------------------------------------------------------------
Alex Killorn 2 0 2 2 0 4 2 0 1 0 0/1 17:32 0:44 2:34
Alexandre Texier 0 1 1 1 0 1 0 0 0 0 0/1 10:07 0:00 2:21
Brayden Schenn 0 1 1 0 2 2 2 1 0 0 2/2 17:31 0:00 3:10
Brenden Dillon 0 0 0 2 0 0 1 0 0 0 0/0 21:09 0:00 3:33
Calle Jarnkrok 0 0 0 1 0 2 0 0 0 0 0/0 7:12 0:00 0:00
Chandler Stephenson 0 2 2 1 0 2 1 1 0 0 2/3 16:54 0:00 2:34
Esa Lindell 0 0 0 0 0 0 1 2 0 1 0/0 22:21 0:42 4:23
Ivan Provorov 0 0 0 1 0 1 0 1 0 0 0/0 20:23 0:42 4:23
J.T. Compher 0 1 1 0 2 1 4 1 0 1 3/6 17:33 0:00 3:13
John Tavares 0 1 1 0 2 2 2 0 0 0 6/13 14:54 0:44 0:00
Josh Manson 0 1 1 0 0 0 1 2 0 0 0/0 15:58 0:00 0:00
Joshua Morrissey 0 0 0 0 0 0 2 0 0 0 0/0 18:44 1:17 0:00
Mark Scheifele 0 0 0 0 0 2 0 0 0 0 9/17 15:18 1:15 0:00
Mason Marchment 0 0 0 0 2 2 2 0 0 0 0/1 15:05 0:44 0:00
Max Domi 1 0 1 1 0 3 0 0 0 0 0/1 8:40 0:00 1:13
Morgan Rielly 0 1 1 1 0 2 2 1 0 0 0/0 21:25 1:17 3:33
Nazem Kadri 0 0 0 -1 0 3 0 0 0 0 6/11 16:04 1:15 0:47
William Nylander 2 0 2 0 0 5 1 0 0 0 0/1 15:10 1:15 0:00
Players Stats for St.Louis Blues
Player Name G A P +/- PIM S H SB GA TA FO MP PP MP PK MP
------------------------------------------------------------------------------------
Adam Pelech 0 0 0 1 0 1 1 0 0 0 0/0 12:09 0:00 0:00
Alex Tuch 2 0 2 0 0 5 1 0 0 0 0/1 14:32 3:22 0:00
Colin Blackwell 0 0 0 1 0 0 0 0 0 0 0/0 8:29 0:00 0:00
Colton Parayko 0 0 0 -1 0 3 0 2 0 0 0/0 25:40 3:22 1:08
Dakota Joshua 0 2 2 1 0 1 0 0 0 0 0/0 11:05 0:42 0:00
Elias Lindholm 0 0 0 -2 0 3 2 0 0 0 6/11 18:52 3:16 1:13
Elias Pettersson 0 1 1 -1 0 6 2 1 0 1 0/1 20:58 4:15 0:00
Jaccob Slavin 0 0 0 -1 0 0 0 1 0 0 0/0 17:00 0:00 0:51
Jake Guentzel 0 1 1 -1 0 1 4 0 0 0 1/1 17:48 3:58 0:00
Jake Sanderson 0 0 0 -2 0 1 0 1 0 0 0/0 22:30 4:34 1:08
Lars Eller 0 0 0 0 0 2 0 0 1 0 1/5 11:28 0:00 0:46
Logan O'Connor 1 0 1 0 0 1 0 0 1 0 0/0 9:34 0:00 0:46
Mark Stone 0 0 0 -2 0 2 0 0 0 0 0/0 20:34 3:41 0:00
Mikhail Sergachev 0 0 0 1 2 0 0 3 0 0 0/0 12:10 0:00 0:00
Nick Leddy 0 1 1 0 0 2 0 1 0 0 0/0 21:27 0:00 0:51
Robert Thomas 0 0 0 -1 0 7 1 0 0 0 20/35 21:11 4:15 0:00
Tage Thompson 0 0 0 -2 0 1 1 1 0 0 0/0 17:35 3:41 0:00
Yanni Gourde 0 1 1 -1 0 2 2 0 0 0 1/3 14:58 4:34 1:13
3 Stars
1 - Alex Killorn (ANA)
2 - William Nylander (ANA)
3 - Alex Tuch (STL)
Power Play
Anaheim Ducks - 0 on 1 Attempt(s) - 0.00%
St.Louis Blues - 0 on 4 Attempt(s) - 0.00%
Penalty Kill
Anaheim Ducks - 4 on 4 Attempt(s) - 100.00%
- Score 1 goal in Penalty Kill
St.Louis Blues - 1 on 1 Attempt(s) - 100.00%
- Score 0 goal in Penalty Kill
Team Stat
Anaheim Ducks - Hits : 21 - Faceoff Wins : 28 - Blocked Shots : 9 - Penalty Minutes : 8
St.Louis Blues - Hits : 14 - Faceoff Wins : 29 - Blocked Shots : 10 - Penalty Minutes : 2
Official
Referees : Conor O'Donnell and Jake Brenk
Linesman : Bevan Mills and Kiel Murchison
Game Notes
No Game Note
Finance
Level 1 -- Attendance: 4788 (79.80%) -- Ticket Income $464,436
Level 2 -- Attendance: 4891 (97.82%) -- Ticket Income $278,787
Level 3 -- Attendance: 2311 (77.03%) -- Ticket Income $78,574
Level 4 -- Attendance: 4472 (89.44%) -- Ticket Income $102,856
Luxury Box -- Attendance: 863 (86.30%) -- Ticket Income $167,422
Game was played at the Scottrade Center.
Total Attendance: 17325 (86.63%)
Total Ticket Income: $1,092,075
Other Income: $382,226
Total Income: $1,474,301
Anaheim Ducks
5 vs 5 Forward
Center Left Wing Right Wing Time % Phy DF OF
1 John Tavares Alex Killorn William Nylander 33 1 2 2
2 Mark Scheifele Brayden Schenn Mason Marchment 33 1 2 2
3 Nazem Kadri Chandler Stephenson J.T. Compher 33 1 1 3
4 Max Domi Calle Jarnkrok Alexandre Texier 1 1 2 2
5 vs 5 Defense
Defense Defense Time % Phy DF OF
1 Esa Lindell Joshua Morrissey 35 1 2 2
2 Morgan Rielly Ivan Provorov 35 1 2 2
3 Brenden Dillon Josh Manson 30 1 2 2
4 Esa Lindell Joshua Morrissey 0 1 2 2
PowerPlay Forward
Center Left Wing Right Wing Time % Phy DF OF
1 Nazem Kadri Mark Scheifele William Nylander 60 1 1 3
2 John Tavares Alex Killorn Mason Marchment 40 1 1 3
PowerPlay Defense
Defense Defense Time % Phy DF OF
1 Morgan Rielly Joshua Morrissey 60 1 1 3
2 Esa Lindell Ivan Provorov 40 1 1 3
Penalty Kill 4 Players Forward
Center Wing Time % Phy DF OF
1 J.T. Compher Brayden Schenn 55 1 3 1
2 Chandler Stephenson Alex Killorn 45 1 3 1
Penalty Kill 4 Players Defense
Defense Defense Time % Phy DF OF
1 Esa Lindell Ivan Provorov 50 1 3 1
2 Morgan Rielly Brenden Dillon 50 1 3 1
Penalty Kill - 3 Players Forward
Forward Time % Phy DF OF
1 J.T. Compher 50 1 4 0
2 Chandler Stephenson 50 1 4 0
Penalty Kill - 3 Players Defense
Defense Defense Time % Phy DF OF
1 Esa Lindell Ivan Provorov 50 1 4 0
2 Morgan Rielly Brenden Dillon 50 1 4 0
4 vs 4 Forward
Center Wing Time % Phy DF OF
1 Nazem Kadri William Nylander 60 1 2 2
2 John Tavares Mark Scheifele 40 1 2 2
4 vs 4 Defense
Defense Defense Time % Phy DF OF
1 Esa Lindell Morgan Rielly 50 1 2 2
2 Ivan Provorov Joshua Morrissey 50 1 2 2
Last Minutes Offensive
Center Left Wing Right Wing Defense Defense
Nazem Kadri William Nylander Mark Scheifele Joshua Morrissey Morgan Rielly
Last Minutes Defensive
Center Left Wing Right Wing Defense Defense
Chandler Stephenson Alex Killorn J.T. Compher Ivan Provorov Esa Lindell
Goaltenders
Starting : James Reimer
Backup : Linus Ullmark
Extra Forwards
Normal : William Nylander, Mark Scheifele, Nazem Kadri - PP : William Nylander, Nazem Kadri - PK : J.T. Compher
Extra Defensemen
Normal : Esa Lindell, Brenden Dillon, Ivan Provorov - PP : Joshua Morrissey - PK : Esa Lindell, Ivan Provorov
Penalty Shots
Brenden Dillon, Mark Scheifele, Calle Jarnkrok, John Tavares, Alex Killorn
Scratches
Jakob Chychrun (Healthy)
St.Louis Blues
5 vs 5 Forward
Center Left Wing Right Wing Time % Phy DF OF
1 Robert Thomas Elias Pettersson Mark Stone 40 0 2 3
2 Elias Lindholm Jake Guentzel Tage Thompson 30 0 2 3
3 Lars Eller Dakota Joshua Alex Tuch 20 1 2 2
4 Yanni Gourde Logan O'Connor Colin Blackwell 10 1 3 1
5 vs 5 Defense
Defense Defense Time % Phy DF OF
1 Colton Parayko Nick Leddy 45 1 2 2
2 Jake Sanderson Jaccob Slavin 35 1 2 2
3 Mikhail Sergachev Adam Pelech 20 1 2 2
4 Nick Leddy Colton Parayko 0 1 2 2
PowerPlay Forward
Center Left Wing Right Wing Time % Phy DF OF
1 Robert Thomas Elias Pettersson Jake Guentzel 60 1 0 4
2 Elias Lindholm Tage Thompson Mark Stone 40 1 0 4
PowerPlay Defense
Defense Defense Time % Phy DF OF
1 Yanni Gourde Jake Sanderson 60 0 1 4
2 Alex Tuch Colton Parayko 40 0 1 4
Penalty Kill 4 Players Forward
Center Wing Time % Phy DF OF
1 Lars Eller Logan O'Connor 50 1 4 0
2 Elias Lindholm Yanni Gourde 50 1 4 0
Penalty Kill 4 Players Defense
Defense Defense Time % Phy DF OF
1 Jake Sanderson Colton Parayko 50 1 4 0
2 Jaccob Slavin Nick Leddy 50 1 4 0
Penalty Kill - 3 Players Forward
Forward Time % Phy DF OF
1 Elias Lindholm 50 0 5 0
2 Lars Eller 50 0 5 0
Penalty Kill - 3 Players Defense
Defense Defense Time % Phy DF OF
1 Jake Sanderson Colton Parayko 50 0 5 0
2 Nick Leddy Jaccob Slavin 50 0 5 0
4 vs 4 Forward
Center Wing Time % Phy DF OF
1 Elias Lindholm Elias Pettersson 50 0 2 3
2 Robert Thomas Jake Guentzel 50 0 2 3
4 vs 4 Defense
Defense Defense Time % Phy DF OF
1 Jake Sanderson Colton Parayko 50 1 2 2
2 Nick Leddy Jaccob Slavin 50 1 2 2
Last Minutes Offensive
Center Left Wing Right Wing Defense Defense
Robert Thomas Elias Pettersson Jake Guentzel Tage Thompson Jake Sanderson
Last Minutes Defensive
Center Left Wing Right Wing Defense Defense
Lars Eller Logan O'Connor Elias Lindholm Nick Leddy Colton Parayko
Goaltenders
Starting : Connor Hellebuyck
Backup : Scott Wedgewood
Extra Forwards
Normal : Robert Thomas, Jake Guentzel, Tage Thompson - PP : Mark Stone, Dakota Joshua - PK : Robert Thomas
Extra Defensemen
Normal : Jake Sanderson, Jaccob Slavin, Mikhail Sergachev - PP : Mikhail Sergachev - PK : Jaccob Slavin, Colton Parayko
Penalty Shots
Elias Pettersson, Tage Thompson, Alex Tuch, Yanni Gourde, Jake Guentzel
Scratches
Jack Eichel (Healthy), Nico Sturm (Healthy), Alex Pietrangelo (Healthy)
% Time on Ice - Anaheim Ducks
Lines # - Real PCT - Wanted PCT - Time Play
Normal Forward
1 - 29% - 33% - 14:29
2 - 28% - 33% - 14:06
3 - 28% - 33% - 14:02
4 - 14% - 1% - 7:12
Normal Defense
1 - 34% - 35% - 17:04
2 - 33% - 35% - 16:24
3 - 32% - 30% - 15:58
4 - 1% - 0% - 0:23
PP Forward
1 - 63% - 60% - 1:15
2 - 37% - 40% - 0:44
PP Defense
1 - 65% - 60% - 1:17
2 - 35% - 40% - 0:42
PK Forward
1 - 68% - 55% - 5:22
2 - 32% - 45% - 2:34
PK Defense
1 - 55% - 50% - 4:23
2 - 45% - 50% - 3:33
PK3 Forward
1 - 0% - 50%
2 - 0% - 50%
PK3 Defense
1 - 0% - 50%
2 - 0% - 50%
44 Forward
1 - 0% - 60%
2 - 0% - 40%
44 Defense
1 - 0% - 50%
2 - 0% - 50%
Last Minute Offensive - 0:00
Last Minute Defensive - 0:16
Total
Forward - 60:00
Defense - 60:00
|
% Time on Ice - St.Louis Blues
Lines # - Real PCT - Wanted PCT - Time Play
Normal Forward
1 - 33% - 40% - 16:18
2 - 29% - 30% - 14:38
3 - 21% - 20% - 10:23
4 - 17% - 10% - 8:29
Normal Defense
1 - 43% - 45% - 21:15
2 - 33% - 35% - 16:24
3 - 24% - 20% - 12:09
4 - 0% - 0% - 0:00
PP Forward
1 - 54% - 60% - 4:15
2 - 46% - 40% - 3:41
PP Defense
1 - 58% - 60% - 4:34
2 - 42% - 40% - 3:22
PK Forward
1 - 39% - 50% - 0:46
2 - 61% - 50% - 1:13
PK Defense
1 - 57% - 50% - 1:08
2 - 43% - 50% - 0:51
PK3 Forward
1 - 0% - 50%
2 - 0% - 50%
PK3 Defense
1 - 0% - 50%
2 - 0% - 50%
44 Forward
1 - 0% - 50%
2 - 0% - 50%
44 Defense
1 - 0% - 50%
2 - 0% - 50%
Last Minute Offensive - 0:17
Last Minute Defensive - 0:00
Total
Forward - 60:00
Defense - 60:00
|
Play-by-Play
1st period
0:01 of 1st period - John Tavares wins face-off versus Robert Thomas in neutral zone.
0:08 of 1st period - Snap shot by William Nylander.
0:08 of 1st period - Goal by William Nylander - Anaheim Ducks : 1 - St.Louis Blues : 0.
0:09 of 1st period - Jake Guentzel wins face-off versus Mark Scheifele in neutral zone.
0:34 of 1st period - Wrist shot by Nazem Kadri.
0:34 of 1st period - Shot Misses the Net.
0:42 of 1st period - Slapshot by Tage Thompson.
0:42 of 1st period - Stopped by James Reimer with a rebound.
0:44 of 1st period - Slapshot by Jaccob Slavin.
0:44 of 1st period - Deflect By Tage Thompson.
0:44 of 1st period - Shot Misses the Net.
0:44 of 1st period - Puck is out of play.
0:45 of 1st period - John Tavares wins face-off versus Robert Thomas in Anaheim Ducks zone.
1:04 of 1st period - Esa Lindell is hit by Robert Thomas and loses puck.
2:33 of 1st period - Wrist shot by William Nylander.
2:33 of 1st period - Shot Misses the Net.
2:35 of 1st period - Slapshot by Josh Manson.
2:35 of 1st period - Shot Blocked by Mikhail Sergachev.
3:55 of 1st period - Slapshot by Alexandre Texier.
3:55 of 1st period - Stopped by Connor Hellebuyck with a rebound.
3:57 of 1st period - Slapshot by Morgan Rielly.
3:57 of 1st period - Shot Blocked by Jaccob Slavin.
4:15 of 1st period - Snap shot by Tage Thompson.
4:15 of 1st period - Shot Blocked by J.T. Compher.
4:17 of 1st period - Slapshot by Mikhail Sergachev.
4:17 of 1st period - Deflect By Jake Guentzel.
4:17 of 1st period - Shot Blocked by Esa Lindell.
4:17 of 1st period - Puck is out of play.
4:18 of 1st period - Robert Thomas wins face-off versus Mark Scheifele in Anaheim Ducks zone.
4:50 of 1st period - Wrist shot by Dakota Joshua.
4:50 of 1st period - Stopped by James Reimer with a rebound.
4:52 of 1st period - Slapshot by Alex Tuch.
4:52 of 1st period - Goal by Alex Tuch - Anaheim Ducks : 1 - St.Louis Blues : 1.
4:53 of 1st period - Robert Thomas wins face-off versus Mark Scheifele in neutral zone.
4:55 of 1st period - Off-side.
4:56 of 1st period - Robert Thomas wins face-off versus Mark Scheifele in neutral zone.
5:01 of 1st period - Backhand shot by Robert Thomas.
5:01 of 1st period - Stopped by James Reimer without a rebound.
5:02 of 1st period - Mark Scheifele wins face-off versus Robert Thomas in Anaheim Ducks zone.
5:15 of 1st period - Snap shot by Robert Thomas.
5:15 of 1st period - Shot Blocked by Ivan Provorov.
5:17 of 1st period - Slapshot by Colton Parayko.
5:17 of 1st period - Stopped by James Reimer with a rebound.
5:19 of 1st period - Wrist shot by Elias Pettersson.
5:19 of 1st period - Deflect By Robert Thomas.
5:19 of 1st period - Stopped by James Reimer without a rebound.
5:20 of 1st period - J.T. Compher wins face-off versus Lars Eller in Anaheim Ducks zone.
5:45 of 1st period - Wrist shot by Jake Guentzel.
5:45 of 1st period - Stopped by James Reimer with a rebound.
6:07 of 1st period - Snap shot by Nazem Kadri.
6:07 of 1st period - Stopped by Connor Hellebuyck without a rebound.
6:08 of 1st period - Robert Thomas wins face-off versus John Tavares in St.Louis Blues zone.
6:27 of 1st period - Wrist shot by Robert Thomas.
6:27 of 1st period - Stopped by James Reimer with a rebound.
6:29 of 1st period - Wrist shot by Mark Stone.
6:29 of 1st period - Deflect By Robert Thomas.
6:29 of 1st period - Stopped by James Reimer with a rebound.
6:31 of 1st period - Wrist shot by Elias Pettersson.
6:31 of 1st period - Stopped by James Reimer with a rebound.
6:47 of 1st period - Backhand shot by John Tavares.
6:47 of 1st period - Deflect By William Nylander.
6:47 of 1st period - Shot Misses the Net.
6:47 of 1st period - Puck is out of play.
6:48 of 1st period - Brayden Schenn wins face-off versus Lars Eller in St.Louis Blues zone.
6:51 of 1st period - Slapshot by Mark Scheifele.
6:51 of 1st period - Stopped by Connor Hellebuyck without a rebound.
6:52 of 1st period - Mark Scheifele wins face-off versus Alex Tuch in St.Louis Blues zone.
6:53 of 1st period - Wrist shot by Brayden Schenn.
6:53 of 1st period - Deflect By Mason Marchment.
6:53 of 1st period - Stopped by Connor Hellebuyck with a rebound.
6:55 of 1st period - Slapshot by Brayden Schenn.
6:55 of 1st period - Deflect By Mark Scheifele.
6:55 of 1st period - Shot Misses the Net.
6:55 of 1st period - Puck is out of play.
6:56 of 1st period - Mark Scheifele wins face-off versus Lars Eller in St.Louis Blues zone.
6:57 of 1st period - Slapshot by Brayden Schenn.
6:57 of 1st period - Shot Misses the Net.
7:23 of 1st period - Slapshot by Elias Pettersson.
7:23 of 1st period - Stopped by James Reimer without a rebound.
7:24 of 1st period - Nazem Kadri wins face-off versus Robert Thomas in Anaheim Ducks zone.
7:38 of 1st period - Icing by Brenden Dillon.
7:39 of 1st period - Nazem Kadri wins face-off versus Elias Lindholm in Anaheim Ducks zone.
7:52 of 1st period - Snap shot by Nazem Kadri.
7:52 of 1st period - Stopped by Connor Hellebuyck with a rebound.
8:14 of 1st period - Wrist shot by John Tavares.
8:14 of 1st period - Shot Misses the Net.
8:24 of 1st period - Colin Blackwell is hit by Brenden Dillon and loses puck.
9:27 of 1st period - Wrist shot by Mark Stone.
9:27 of 1st period - Shot Blocked by Chandler Stephenson.
9:29 of 1st period - Slapshot by Nick Leddy.
9:29 of 1st period - Shot Blocked by Esa Lindell.
9:31 of 1st period - Slapshot by Nick Leddy.
9:31 of 1st period - Stopped by James Reimer with a rebound.
9:33 of 1st period - Slapshot by Colton Parayko.
9:33 of 1st period - Stopped by James Reimer with a rebound.
10:09 of 1st period - Wrist shot by Dakota Joshua.
10:09 of 1st period - Shot Misses the Net.
10:11 of 1st period - Slapshot by Jake Sanderson.
10:11 of 1st period - Stopped by James Reimer with a rebound.
10:13 of 1st period - Wrist shot by Dakota Joshua.
10:13 of 1st period - Shot Misses the Net.
10:27 of 1st period - Snap shot by Max Domi.
10:27 of 1st period - Goal by Max Domi - Anaheim Ducks : 2 - St.Louis Blues : 1.
10:28 of 1st period - Robert Thomas wins face-off versus Alex Killorn in neutral zone.
11:06 of 1st period - Slapshot by Jake Guentzel.
11:06 of 1st period - Shot Misses the Net.
11:20 of 1st period - Elias Lindholm is hit by Joshua Morrissey and loses puck.
11:51 of 1st period - Wrist shot by Alex Tuch.
11:51 of 1st period - Goal by Alex Tuch - Anaheim Ducks : 2 - St.Louis Blues : 2.
11:52 of 1st period - John Tavares wins face-off versus Robert Thomas in neutral zone.
12:19 of 1st period - Logan O'Connor is hit by Brayden Schenn and loses puck.
12:26 of 1st period - Wrist shot by Brayden Schenn.
12:26 of 1st period - Stopped by Connor Hellebuyck with a rebound.
12:28 of 1st period - Snap shot by Joshua Morrissey.
12:28 of 1st period - Shot Misses the Net.
12:38 of 1st period - Jake Sanderson is hit by Joshua Morrissey and loses puck.
12:59 of 1st period - Snap shot by William Nylander.
12:59 of 1st period - Goal by William Nylander - Anaheim Ducks : 3 - St.Louis Blues : 2.
13:00 of 1st period - Mark Scheifele wins face-off versus Robert Thomas in neutral zone.
14:50 of 1st period - Wrist shot by Mark Stone.
14:50 of 1st period - Shot Blocked by Josh Manson.
14:52 of 1st period - Snap shot by Mark Stone.
14:52 of 1st period - Stopped by James Reimer without a rebound.
14:53 of 1st period - Robert Thomas wins face-off versus John Tavares in Anaheim Ducks zone.
14:58 of 1st period - Slapshot by Elias Pettersson.
14:58 of 1st period - Stopped by James Reimer without a rebound.
14:59 of 1st period - Robert Thomas wins face-off versus John Tavares in Anaheim Ducks zone.
15:00 of 1st period - Snap shot by Elias Pettersson.
15:00 of 1st period - Stopped by James Reimer without a rebound.
15:01 of 1st period - John Tavares wins face-off versus Robert Thomas in Anaheim Ducks zone.
17:04 of 1st period - Slapshot by Dakota Joshua.
17:04 of 1st period - Shot Misses the Net.
17:48 of 1st period - Snap shot by Chandler Stephenson.
17:48 of 1st period - Shot Hit the Post.
17:51 of 1st period - Icing by Logan O'Connor.
17:52 of 1st period - Nazem Kadri wins face-off versus Yanni Gourde in St.Louis Blues zone.
18:03 of 1st period - Wrist shot by Chandler Stephenson.
18:03 of 1st period - Stopped by Connor Hellebuyck without a rebound.
18:04 of 1st period - Mark Scheifele wins face-off versus Robert Thomas in St.Louis Blues zone.
18:11 of 1st period - Snap shot by Brayden Schenn.
18:11 of 1st period - Shot Blocked by Colton Parayko.
18:52 of 1st period - Snap shot by Yanni Gourde.
18:52 of 1st period - Stopped by James Reimer with a rebound.
19:22 of 1st period - Slapshot by John Tavares.
19:22 of 1st period - Deflect By Alex Killorn.
19:22 of 1st period - Stopped by Connor Hellebuyck with a rebound.
19:24 of 1st period - Slapshot by Ivan Provorov.
19:24 of 1st period - Shot Misses the Net.
19:26 of 1st period - Snap shot by Alex Killorn.
19:26 of 1st period - Stopped by Connor Hellebuyck without a rebound.
19:27 of 1st period - Robert Thomas wins face-off versus Mark Scheifele in St.Louis Blues zone.
19:57 of 1st period - Snap shot by Nazem Kadri.
19:57 of 1st period - Stopped by Connor Hellebuyck with a rebound.
Goals for this period are 3 for Anaheim Ducks vs 2 for St.Louis Blues.
Shots for this period are 13 for Anaheim Ducks vs 19 for St.Louis Blues.
2nd period
0:01 of 2nd period - Robert Thomas wins face-off versus Nazem Kadri in neutral zone.
0:32 of 2nd period - Snap shot by Elias Lindholm.
0:32 of 2nd period - Stopped by James Reimer without a rebound.
0:33 of 2nd period - Mark Scheifele wins face-off versus Elias Lindholm in Anaheim Ducks zone.
0:33 of 2nd period - Mark Scheifele is hit by Jake Guentzel.
0:54 of 2nd period - Wrist shot by Tage Thompson.
0:54 of 2nd period - Shot Misses the Net.
1:26 of 2nd period - Backhand shot by Jake Guentzel.
1:26 of 2nd period - Shot Blocked by Morgan Rielly.
1:28 of 2nd period - Wrist shot by Jake Guentzel.
1:28 of 2nd period - Shot Misses the Net.
1:30 of 2nd period - Snap shot by Nick Leddy.
1:30 of 2nd period - Shot Blocked by Brayden Schenn.
1:32 of 2nd period - Slapshot by Colton Parayko.
1:32 of 2nd period - Stopped by James Reimer with a rebound.
1:38 of 2nd period - Wrist shot by Elias Lindholm.
1:38 of 2nd period - Stopped by James Reimer with a rebound.
1:40 of 2nd period - Wrist shot by Elias Lindholm.
1:40 of 2nd period - Stopped by James Reimer without a rebound.
1:41 of 2nd period - Chandler Stephenson wins face-off versus Robert Thomas in Anaheim Ducks zone.
2:28 of 2nd period - Wrist shot by Yanni Gourde.
2:28 of 2nd period - Shot Misses the Net.
2:30 of 2nd period - Wrist shot by Logan O'Connor.
2:30 of 2nd period - Goal by Logan O'Connor - Anaheim Ducks : 3 - St.Louis Blues : 3.
2:31 of 2nd period - Robert Thomas wins face-off versus Chandler Stephenson in neutral zone.
2:40 of 2nd period - Wrist shot by Elias Pettersson.
2:40 of 2nd period - Stopped by James Reimer with a rebound.
2:48 of 2nd period - Wrist shot by Robert Thomas.
2:48 of 2nd period - Shot Misses the Net.
2:58 of 2nd period - Dakota Joshua is hit by Alex Killorn and loses puck.
3:46 of 2nd period - Wrist shot by Alexandre Texier.
3:46 of 2nd period - Shot Misses the Net.
4:02 of 2nd period - Snap shot by Chandler Stephenson.
4:02 of 2nd period - Stopped by Connor Hellebuyck without a rebound.
4:03 of 2nd period - Robert Thomas wins face-off versus Nazem Kadri in St.Louis Blues zone.
4:31 of 2nd period - Minor Penalty to John Tavares for Hooking.
4:32 of 2nd period - J.T. Compher wins face-off versus Robert Thomas in Anaheim Ducks zone.
4:32 of 2nd period - J.T. Compher is hit by Jake Guentzel.
4:58 of 2nd period - Tage Thompson is hit by Morgan Rielly and loses puck.
6:16 of 2nd period - Esa Lindell is hit by Jake Guentzel.
6:31 of 2nd period - Penalty to John Tavares is over, John Tavares is back on ice.
6:38 of 2nd period - Elias Lindholm is hit by John Tavares and loses puck.
6:48 of 2nd period - Icing by Brenden Dillon.
6:49 of 2nd period - Mark Scheifele wins face-off versus Yanni Gourde in Anaheim Ducks zone.
7:51 of 2nd period - Slapshot by Morgan Rielly.
7:51 of 2nd period - Stopped by Connor Hellebuyck with a rebound.
8:15 of 2nd period - Slapshot by John Tavares.
8:15 of 2nd period - Shot Misses the Net.
8:17 of 2nd period - Wrist shot by John Tavares.
8:17 of 2nd period - Shot Blocked by Nick Leddy.
8:19 of 2nd period - Snap shot by Esa Lindell.
8:19 of 2nd period - Deflect By William Nylander.
8:19 of 2nd period - Shot Blocked by Elias Pettersson.
8:19 of 2nd period - Puck is out of play.
8:20 of 2nd period - Elias Lindholm wins face-off versus Mark Scheifele in St.Louis Blues zone.
8:51 of 2nd period - Alex Tuch is hit by J.T. Compher and loses puck.
9:10 of 2nd period - Dakota Joshua is hit by Morgan Rielly and loses puck.
9:29 of 2nd period - Slapshot by Alex Tuch.
9:29 of 2nd period - Shot Misses the Net.
9:50 of 2nd period - Snap shot by Alexandre Texier.
9:50 of 2nd period - Shot Blocked by Jake Sanderson.
10:14 of 2nd period - Slapshot by Lars Eller.
10:14 of 2nd period - Stopped by James Reimer without a rebound.
10:15 of 2nd period - Chandler Stephenson wins face-off versus Robert Thomas in Anaheim Ducks zone.
10:38 of 2nd period - Minor Penalty to Mikhail Sergachev for Hooking.
10:39 of 2nd period - Elias Lindholm wins face-off versus Nazem Kadri in St.Louis Blues zone.
10:52 of 2nd period - Wrist shot by William Nylander.
10:52 of 2nd period - Stopped by Connor Hellebuyck without a rebound.
10:53 of 2nd period - Elias Lindholm wins face-off versus William Nylander in St.Louis Blues zone.
11:06 of 2nd period - Snap shot by William Nylander.
11:06 of 2nd period - Shot Misses the Net.
11:08 of 2nd period - Backhand shot by William Nylander.
11:08 of 2nd period - Shot Misses the Net.
11:10 of 2nd period - Slapshot by William Nylander.
11:10 of 2nd period - Stopped by Connor Hellebuyck without a rebound.
11:11 of 2nd period - John Tavares wins face-off versus Lars Eller in St.Louis Blues zone.
12:38 of 2nd period - Penalty to Mikhail Sergachev is over, Mikhail Sergachev is back on ice.
12:48 of 2nd period - Off-side.
12:49 of 2nd period - Robert Thomas wins face-off versus Max Domi in neutral zone.
12:58 of 2nd period - Snap shot by Max Domi.
12:58 of 2nd period - Stopped by Connor Hellebuyck with a rebound.
13:00 of 2nd period - Snap shot by Josh Manson.
13:00 of 2nd period - Shot Blocked by Mikhail Sergachev.
13:02 of 2nd period - Slapshot by Josh Manson.
13:02 of 2nd period - Shot Blocked by Mikhail Sergachev.
13:04 of 2nd period - Snap shot by Calle Jarnkrok.
13:04 of 2nd period - Stopped by Connor Hellebuyck without a rebound.
13:05 of 2nd period - Nazem Kadri wins face-off versus Elias Lindholm in St.Louis Blues zone.
13:26 of 2nd period - Jake Guentzel is hit by J.T. Compher and loses puck.
13:36 of 2nd period - Off-side.
13:37 of 2nd period - Robert Thomas wins face-off versus John Tavares in neutral zone.
13:42 of 2nd period - Wrist shot by Mark Stone.
13:42 of 2nd period - Deflect By Elias Pettersson.
13:42 of 2nd period - Stopped by James Reimer with a rebound.
13:47 of 2nd period - Off-side.
13:48 of 2nd period - Mark Scheifele wins face-off versus Elias Pettersson in neutral zone.
13:51 of 2nd period - Slapshot by Brayden Schenn.
13:51 of 2nd period - Stopped by Connor Hellebuyck without a rebound.
13:52 of 2nd period - Robert Thomas wins face-off versus Mason Marchment in St.Louis Blues zone.
14:06 of 2nd period - Icing by Robert Thomas.
14:07 of 2nd period - Robert Thomas wins face-off versus John Tavares in St.Louis Blues zone.
14:07 of 2nd period - Robert Thomas is hit by Esa Lindell.
14:17 of 2nd period - Snap shot by Robert Thomas.
14:17 of 2nd period - Shot Misses the Net.
14:19 of 2nd period - Wrist shot by Robert Thomas.
14:19 of 2nd period - Shot Misses the Net.
14:21 of 2nd period - Slapshot by Nick Leddy.
14:21 of 2nd period - Stopped by James Reimer with a rebound.
14:23 of 2nd period - Snap shot by Nick Leddy.
14:23 of 2nd period - Shot Misses the Net.
15:05 of 2nd period - Esa Lindell is hit by Elias Pettersson and loses puck.
15:22 of 2nd period - Slapshot by Mark Stone.
15:22 of 2nd period - Stopped by James Reimer without a rebound.
15:23 of 2nd period - Nazem Kadri wins face-off versus Elias Lindholm in Anaheim Ducks zone.
15:50 of 2nd period - Jaccob Slavin is hit by Mason Marchment and loses puck.
16:11 of 2nd period - Wrist shot by Max Domi.
16:11 of 2nd period - Deflect By Calle Jarnkrok.
16:11 of 2nd period - Stopped by Connor Hellebuyck with a rebound.
16:13 of 2nd period - Slapshot by Calle Jarnkrok.
16:13 of 2nd period - Deflect By Max Domi.
16:13 of 2nd period - Stopped by Connor Hellebuyck with a rebound.
16:55 of 2nd period - Snap shot by Alex Tuch.
16:55 of 2nd period - Stopped by James Reimer with a rebound.
17:08 of 2nd period - Off-side.
17:09 of 2nd period - Yanni Gourde wins face-off versus Nazem Kadri in neutral zone.
17:27 of 2nd period - Colin Blackwell is hit by J.T. Compher and loses puck.
17:36 of 2nd period - Yanni Gourde is hit by Josh Manson and loses puck.
17:55 of 2nd period - Joshua Morrissey is hit by Adam Pelech and loses puck.
18:02 of 2nd period - J.T. Compher is hit by Yanni Gourde and loses puck.
18:12 of 2nd period - Off-side.
18:13 of 2nd period - Brayden Schenn wins face-off versus Robert Thomas in neutral zone.
18:30 of 2nd period - Snap shot by Mark Stone.
18:30 of 2nd period - Shot Misses the Net.
18:40 of 2nd period - Brenden Dillon is hit by Alex Tuch and loses puck.
19:12 of 2nd period - Snap shot by John Tavares.
19:12 of 2nd period - Stopped by Connor Hellebuyck with a rebound.
19:14 of 2nd period - Backhand shot by Ivan Provorov.
19:14 of 2nd period - Stopped by Connor Hellebuyck without a rebound.
19:15 of 2nd period - John Tavares wins face-off versus Robert Thomas in St.Louis Blues zone.
19:18 of 2nd period - Wrist shot by William Nylander.
19:18 of 2nd period - Deflect By John Tavares.
19:18 of 2nd period - Stopped by Connor Hellebuyck with a rebound.
Goals for this period are 0 for Anaheim Ducks vs 1 for St.Louis Blues.
Shots for this period are 12 for Anaheim Ducks vs 11 for St.Louis Blues.
3rd period
0:01 of 3rd period - Mark Scheifele wins face-off versus Robert Thomas in neutral zone.
0:06 of 3rd period - Wrist shot by Mark Scheifele.
0:06 of 3rd period - Stopped by Connor Hellebuyck with a rebound.
1:31 of 3rd period - Wrist shot by Mark Scheifele.
1:31 of 3rd period - Shot Misses the Net.
1:33 of 3rd period - Slapshot by Mason Marchment.
1:33 of 3rd period - Stopped by Connor Hellebuyck without a rebound.
1:34 of 3rd period - Elias Lindholm wins face-off versus Mark Scheifele in St.Louis Blues zone.
1:34 of 3rd period - Elias Lindholm is hit by Brayden Schenn.
1:56 of 3rd period - Minor Penalty to Mason Marchment for Cross-checking.
1:57 of 3rd period - Robert Thomas wins face-off versus J.T. Compher in Anaheim Ducks zone.
2:30 of 3rd period - Slapshot by Chandler Stephenson.
2:30 of 3rd period - Shot Blocked by Tage Thompson.
2:32 of 3rd period - Slapshot by Alex Killorn.
2:32 of 3rd period - Shot Misses the Net.
2:34 of 3rd period - Slapshot by Morgan Rielly.
2:34 of 3rd period - Stopped by Connor Hellebuyck with a rebound.
2:36 of 3rd period - Wrist shot by Alex Killorn.
2:36 of 3rd period - Goal by Alex Killorn - Anaheim Ducks : 4 - St.Louis Blues : 3.
2:37 of 3rd period - Robert Thomas wins face-off versus J.T. Compher in neutral zone.
2:52 of 3rd period - Brayden Schenn is hit by Jake Guentzel.
3:04 of 3rd period - J.T. Compher is hit by Yanni Gourde and loses puck.
3:29 of 3rd period - Snap shot by Alex Killorn.
3:29 of 3rd period - Shot Misses the Net.
3:56 of 3rd period - Penalty to Mason Marchment is over, Mason Marchment is back on ice.
4:58 of 3rd period - Robert Thomas is hit by John Tavares and loses puck.
5:43 of 3rd period - Slapshot by Joshua Morrissey.
5:43 of 3rd period - Shot Misses the Net.
6:22 of 3rd period - Alex Killorn is hit by Tage Thompson.
6:38 of 3rd period - Robert Thomas is hit by J.T. Compher and loses puck.
7:15 of 3rd period - Dakota Joshua is hit by Mason Marchment and loses puck.
7:39 of 3rd period - Icing by Robert Thomas.
7:40 of 3rd period - Robert Thomas wins face-off versus John Tavares in St.Louis Blues zone.
7:40 of 3rd period - Robert Thomas is hit by William Nylander.
8:31 of 3rd period - Slapshot by Mark Stone.
8:31 of 3rd period - Shot Misses the Net.
8:33 of 3rd period - Wrist shot by Robert Thomas.
8:33 of 3rd period - Stopped by James Reimer with a rebound.
8:35 of 3rd period - Wrist shot by Robert Thomas.
8:35 of 3rd period - Stopped by James Reimer without a rebound.
8:36 of 3rd period - Elias Lindholm wins face-off versus Mark Scheifele in Anaheim Ducks zone.
9:43 of 3rd period - Brenden Dillon is hit by Elias Lindholm and loses puck.
10:35 of 3rd period - Jaccob Slavin is hit by Alex Killorn and loses puck.
10:42 of 3rd period - Backhand shot by William Nylander.
10:42 of 3rd period - Stopped by Connor Hellebuyck with a rebound.
11:38 of 3rd period - Snap shot by Robert Thomas.
11:38 of 3rd period - Stopped by James Reimer with a rebound.
11:52 of 3rd period - Slapshot by Mikhail Sergachev.
11:52 of 3rd period - Shot Blocked by Josh Manson.
11:54 of 3rd period - Backhand shot by Adam Pelech.
11:54 of 3rd period - Stopped by James Reimer with a rebound.
11:56 of 3rd period - Wrist shot by Yanni Gourde.
11:56 of 3rd period - Stopped by James Reimer with a rebound.
12:18 of 3rd period - Wrist shot by Elias Lindholm.
12:18 of 3rd period - Shot Misses the Net.
12:42 of 3rd period - Snap shot by Nazem Kadri.
12:42 of 3rd period - Deflect By J.T. Compher.
12:42 of 3rd period - Stopped by Connor Hellebuyck without a rebound.
12:43 of 3rd period - Lars Eller wins face-off versus John Tavares in St.Louis Blues zone.
13:25 of 3rd period - Minor Penalty to Brayden Schenn for Holding.
13:26 of 3rd period - J.T. Compher wins face-off versus Robert Thomas in Anaheim Ducks zone.
13:40 of 3rd period - Snap shot by Robert Thomas.
13:40 of 3rd period - Shot Misses the Net.
13:42 of 3rd period - Snap shot by Yanni Gourde.
13:42 of 3rd period - Shot Misses the Net.
13:58 of 3rd period - Alexandre Texier is hit by Elias Lindholm.
15:16 of 3rd period - Wrist shot by Alex Killorn.
15:16 of 3rd period - Deflect By Chandler Stephenson.
15:16 of 3rd period - Shot Blocked by Colton Parayko.
15:16 of 3rd period - Puck is out of play.
15:17 of 3rd period - Robert Thomas wins face-off versus J.T. Compher in St.Louis Blues zone.
15:25 of 3rd period - Penalty to Brayden Schenn is over, Brayden Schenn is back on ice.
15:46 of 3rd period - Snap shot by Lars Eller.
15:46 of 3rd period - Stopped by James Reimer with a rebound.
15:48 of 3rd period - Slapshot by Alex Tuch.
15:48 of 3rd period - Stopped by James Reimer with a rebound.
15:50 of 3rd period - Wrist shot by Alex Tuch.
15:50 of 3rd period - Stopped by James Reimer with a rebound.
16:30 of 3rd period - Icing by Elias Pettersson.
16:31 of 3rd period - Nazem Kadri wins face-off versus Elias Lindholm in St.Louis Blues zone.
16:42 of 3rd period - Wrist shot by Chandler Stephenson.
16:42 of 3rd period - Shot Misses the Net.
17:08 of 3rd period - Minor Penalty to J.T. Compher for Roughing.
17:09 of 3rd period - Elias Lindholm wins face-off versus Alexandre Texier in Anaheim Ducks zone.
18:10 of 3rd period - Tage Thompson is hit by Chandler Stephenson and loses puck.
18:29 of 3rd period - Esa Lindell is hit by Elias Pettersson and loses puck.
19:08 of 3rd period - Penalty to J.T. Compher is over, J.T. Compher is back on ice.
19:25 of 3rd period - Wrist shot by Alex Killorn.
19:25 of 3rd period - Goal by Alex Killorn - Anaheim Ducks : 5 - St.Louis Blues : 3.
19:26 of 3rd period - Robert Thomas wins face-off versus Nazem Kadri in neutral zone.
Goals for this period are 2 for Anaheim Ducks vs 0 for St.Louis Blues.
Shots for this period are 7 for Anaheim Ducks vs 8 for St.Louis Blues.
Back to the Top